 Dungeon Crawl Stone Soup version 0.19.5 (webtiles) character file.

1580323 glosham the Skullcrusher (level 27, 332/332 HPs)
             Began as an Ogre Berserker on Sept 23, 2017.
             Was the Champion of Trog.
             Escaped with the Orb
             ... and 3 runes on Sept 25, 2017!
             The game lasted 16:01:30 (81606 turns).

glosham the Skullcrusher (Ogre Berserker)          Turns: 81606, Time: 16:01:30

Health: 332/332    AC: 34    Str: 28    XL:     27
Magic:  10/10      EV: 28    Int:  6    God:    Trog [******]
Gold:   2261       SH:  0    Dex: 24    Spells: 0 memorised, 26 levels left

rFire  + + .     SeeInvis .     a - +9 giant spiked club (antimagic)
rCold  + . .     Gourm    .     X - +10 pearl dragon scales
rNeg   + . .     Faith    +     (shield currently unavailable)
rPois  .         Spirit   .     W - +1 hat of Peek-a-Boo {rElec Dex+6}
rElec  +         Reflect  .     Y - +2 cloak {+Inv}
rCorr  .         Harm     .     (gloves unavailable)
MR     +++..                    (boots unavailable)
Stlth  +.........               z - amulet of faith {!P}
                                B - ring of protection from magic
                                A - ring "Palypurr" {*Contam +Fly rF++ rC+}

@: very slightly contaminated, hasted, very quick
A: unfitting armour, talons 1, rugged brown scales 1, tough skin 1, weak 1,
sturdy frame 1
a: Berserk, Trog's Hand, Brothers in Arms, Burn Spellbooks, Renounce Religion,
Evoke Invisibility, Evoke Flight
0: Orb of Zot
}: 3/15 runes: decaying, silver, gossamer


You escaped.
You worshipped Trog.
Trog was exalted by your worship.
You were full.

You visited 10 branches of the dungeon, and saw 50 of its levels.
You visited 1 ziggurat, and saw 7 of its levels.
You also visited: Labyrinth and Trove.

You collected 7339 gold pieces.
You spent 5078 gold pieces at shops.

Inventory:

Hand Weapons
 a - a +9 antimagic giant spiked club (weapon)
 b - a +9 giant spiked club of flaming
 c - the +9 heavy crossbow "Sniper" {velocity, nevermiss, SInv}
   (You found it on level 15 of the Dungeon)

   Any bolt fired from it inflicts extra damage.
   It lets you see invisible.
 d - the +4 giant spiked club of the Evening {pain, +Rage rN+ Dex+3 SInv}
   (You acquired it in a treasure trove)

   In the hands of one skilled in necromantic magic, it inflicts extra damage on
   living creatures.
   It affects your dexterity (+3).
   It protects you from negative energy.
   It lets you see invisible.
   It lets you go berserk.
 e - the +4 hand crossbow "Pabiadd" {elec, +Blink rF+ Dex-2 Stlth+}
   (You took it off a spriggan defender on level 3 of the Depths)

   It charges the ammunition it shoots with electricity; occasionally upon a
   hit, such missiles may discharge and cause terrible harm.
   It affects your dexterity (-2).
   It protects you from fire.
   It lets you blink.
   It makes you more stealthy.
Missiles
 V - 2618 bolts
Armour
 W - the +1 hat of Peek-a-Boo (worn) {rElec Dex+6}
   (You found it on level 3 of the Spider Nest)

   It affects your dexterity (+6).
   It insulates you from electricity.
 X - +10 pearl dragon scales (worn)
 Y - a +2 cloak of invisibility (worn)
Magical Staves
 w - an uncursed staff of energy {!a}
Jewellery
 z - an amulet of faith (around neck) {!P}
 A - the ring "Palypurr" (left hand) {*Contam +Fly rF++ rC+}
   (You found it in a labyrinth)

   [ring of protection from cold]

   It greatly protects you from fire.
   It protects you from cold.
   It lets you fly.
   It causes magical contamination when unequipped.
 B - a ring of protection from magic (right hand)
 C - an uncursed ring of protection from cold
 D - the ring of the Hidden Realms {rF+ MP+9 Str+2 Dex+2}
   (You found it on level 5 of the Depths)

   [ring of protection from fire]

   It affects your strength (+2).
   It affects your dexterity (+2).
   It protects you from fire.
   It affects your magic capacity (+9).
 H - an uncursed amulet of harm
 I - the ring of a Thousand Wars {Str+3 SInv}
   (You bought it in a shop on level 2 of the Elven Halls)

   [ring of see invisible]

   It affects your strength (+3).
   It lets you see invisible.
 N - an uncursed ring of positive energy
 P - an uncursed ring of poison resistance
 S - an uncursed ring of resist corrosion
Wands
 g - a wand of hasting (6/9)
 h - a wand of teleportation (5/9)
 i - a wand of digging (8/24)
 j - a wand of polymorph (9/24)
Scrolls
 k - 12 scrolls of teleportation
 l - 6 scrolls of blinking
 m - 3 scrolls of fog
 n - 2 scrolls of fear
 o - 23 scrolls of remove curse
 p - 5 scrolls of identify
 q - 4 scrolls of recharging
 E - 2 scrolls of enchant armour
 F - a scroll of silence {!r}
 G - 8 scrolls of immolation
 K - a scroll of holy word
Potions
 r - 21 potions of curing
 s - 13 potions of heal wounds
 t - a potion of resistance
 u - 3 potions of haste
 v - 7 potions of ambrosia
 x - 3 potions of agility
 y - 4 potions of might
 M - 2 potions of cancellation
 O - 10 potions of flight
 Q - 7 potions of magic
 U - a potion of invisibility
Miscellaneous
 R - a fan of gales
Comestibles
 f - 23 bread rations
 T - 15 meat rations


   Skills:
 O Level 27 Fighting
 O Level 27 Maces & Flails
 - Level 14.0 Crossbows
 - Level 17.4 Armour
 - Level 23.2 Dodging
 * Level 7.6 Stealth
 - Level 9.7 Evocations


You had 26 spell levels left.
You didn't know any spells.

Dungeon Overview and Level Annotations

Branches:
Dungeon (15/15)            Temple (1/1) D:6            Lair (6/6) D:10
  Swamp (4/4) Lair:3       Spider (4/4) Lair:4        Slime (0/5) Lair:6
    Orc (2/2) D:11            Elf (3/3) Orc:2        Vaults (5/5) D:14
  Crypt (0/3) Vaults:3     Depths (5/5) D:15            Zot (5/5) Depths:5

Altars:
Ashenzari
Cheibriados
Dithmenos
Elyvilon
Fedhas
Gozag
Hepliaklqana
Kikubaaqudgha
Makhleb
Nemelex Xobeh
Okawaru
Qazlal
Ru
Sif Muna
Trog
Uskayaw
Vehumet
Xom
Yredelemnul
Zin
The Shining One
Jiyva

Shops:
D:7 :   Orc:2 %:!%   Elf:1 :}   Elf:2 }=}   Elf:3 *   Depths:5 *

Portals:
Hell: Depths:1 Depths:2 Depths:3 Depths:4 Depths:5
Abyss: Depths:1 Depths:4
Pandemonium: Depths:2 Depths:3 Depths:5


Innate Abilities, Weirdness & Mutations

You are too large for most types of armour.
You have tough skin. (AC +1)
You have sharp toenails.
You are partially covered in rugged brown scales. (AC +1, +3% HP)
You are weak. (Str -2)
Your movements are slightly less encumbered by armour. (ER -2)


Message History

There is an escape hatch in the ceiling here.
A mysterious force pulls you upwards. The hatch slams shut behind you.
A gelid demonspawn comes into view. It is wielding a demon trident.
Things that are here:
a scale mail; a whip A sky beast comes into view.
There is a stone staircase leading up here.
You climb upwards.
There is a stone staircase leading down here.
(D) Dungeon (T) Temple (L) Lair (S) Swamp (N) Spider Nest (M) Slime Pits (O) Orcish Mines (E) Elven Halls (V) Vaults (C) Crypt (U) Depths (H) Hell (Z) Zot
Where to? (* - list waypoints, Enter - D:1, ? - help)
There is a stone staircase leading up here.
You climb upwards.
There is a stone staircase leading down, spattered with blood here.
There is a stone staircase leading up here.
You climb upwards.
There is a stone staircase leading down here.
There is an open door here.
Evoke which item? (* to show all) (? for menu, Esc to quit)
Zapping:
i - a wand of digging (10/24)
Press: ? - help, Shift-Dir - straight line, f - you The rock shatters into small pieces.
This wand has 9 charges left.
A goblin, a white imp and a pandemonium lord come into view.
The goblin shouts!
Poanol breathes, "I will feast on thy spine!"
You feel yourself speed up. The goblin completely misses you.
You are very lightly contaminated with residual magic.
A chaos spawn comes into view.
There is an open door here.
Evoke which item? (* to show all) (? for menu, Esc to quit)
Okay, then.
Evoke which item? (* to show all) (? for menu, Esc to quit)
Zapping:
i - a wand of digging (9/24)
Press: ? - help, Shift-Dir - straight line, f - you The rock shatters into small pieces.
This wand has 8 charges left.
There is a staircase leading out of the dungeon here.
You have escaped!

#........#.#♣...♣#.#
#..g.g.5
#.......##.##...##.##
##'#####
#######.##.#♣...♣#..#
#...# #.
#.##.##...###.# #...#
##
#....#♣...♣##.####g..#
#######...##.........#
♣...♣#.#.###...#
#...#..#..##...#
#.@..#.##.##...#
###.##.##..#...#
###.###.###.....#
#........##.##.##
#........'.....#
#.........##.##.#
##........##..#.#
#..).....###.#.#
########## #.#.#


There were no monsters in sight!

Vanquished Creatures
  5 orbs of fire (Zot:5)
  A juggernaut (Depths:2)
  6 ancient liches
  Sojobo (Vaults:3)
  Frederick (Depths:3)
  Saint Roka (Vaults:5)
  the Lernaean hydra (Swamp:4)
  3 Killer Klowns (Zot:5)
  7 golden dragons
  2 caustic shrikes (Depths:2)
  A curse toe (Zot:5)
  Nikola (Depths:2)
  Jory (Vaults:4)
  A pandemonium lord (D:15)
  A bone dragon (Zig:5)
  A pearl dragon (Depths:1)
  5 liches
  A Tzitzimitl (D:15)
  3 electric golems (Zot:5)
  Jorgrun (Depths:3)
  7 tentacled monstrosities
  24 Orb Guardians
  2 deep elf blademasters (Elf:3)
  A quicksilver dragon (Depths:2)
  A deep elf master archer (Elf:3)
  An Executioner (D:6)
  6 titans
  7 sphinxes
  A death cob (Zot:5)
  An ancient champion (Vaults:3)
  Gastronok (D:8)
  11 shadow dragons
  8 storm dragons
  4 thorn hunters
  Roxanne (Spider:2)
  12 tengu reavers
  10 fire giants
  Donald (Spider:3)
  3 draconian monks (Zot:5)
  18 frost giants
  Aizul (Spider:1)
  2 orc warlords
  4 draconian knights
  6 deep elf sorcerers
  2 iron dragons
  A ghost moth (shapeshifter) (Vaults:4)
  A balrug (Depths:5)
  3 draconian scorchers
  6 draconian shifters
  2 juggernaut zombies (Depths:3)
  3 emperor scorpions (Spider:4)
  4 ghost moths
  21 vault wardens
  5 deep elf elementalists
  A draconian zealot (Depths:4)
  2 ghouls (Zig:5)
  12 very ugly things
  A caustic shrike skeleton (Depths:3)
  16 ironheart preservers
  2 spriggan defenders
  2 draconian annihilators
  2 reapers
  5 entropy weavers
  28 stone giants
  A blood saint (Zig:2)
  An ophan (Depths:1)
  2 war gargoyles
  8 deep elf demonologists
  3 draconian callers
  3 vampire knights
  2 black draconians (Zot:5)
  An apis (Depths:1)
  4 green draconians
  5 purple draconians
  2 red draconians (Depths:4)
  Nessos (Lair:6)
  9 deep elf annihilators
  4 mottled draconians
  A yellow draconian (Zot:5)
  A white draconian (Zot:5)
  A blizzard demon (Zig:4)
  A merfolk javelineer (Depths:5)
  9 deep elf death magi
  16 spark wasps
  11 ettins
  9 fire dragons
  A minotaur (Lab)
  Snorg (Lair:6)
  4 jiangshi
  18 yaktaur captains
  Josephine (Lair:6)
  3 deep elf high priests
  Harold (Lair:1)
  19 ice dragons
  7 rakshasas
  33 vault guards
  3 ghost crabs
  9 great orbs of eyes
  21 centaur warriors
  A ghost crab (shapeshifter) (Vaults:5)
  3 spriggan air magi
  2 death knights (Vaults:3)
  21 hydras
  A hell hog (shapeshifter) (Vaults:4)
  7 alligators
  30 dancing weapons
  A catoblepas (D:15)
  14 ogre magi
  9 deep troll shamans
  A satyr (shapeshifter) (Depths:3)
  8 vampire magi
  10 deep troll earth magi
  7 spriggan berserkers
  9 tengu warriors
  A soul eater (Vaults:3)
  3 orc high priests (Orc:2)
  2 fire crabs (shapeshifter)
  20 deep elf knights
  2 sun demons
  6 hell knights
  8 spriggans
  10 skeletal warriors
  3 shadow wraiths
  A titan skeleton (Depths:1)
  A quicksilver dragon simulacrum (Depths:3)
  2 salamander mystics (Depths:3)
  2 iron trolls
  2 spriggan druids
  13 swamp dragons
  5 unseen horrors
  An unseen horror (shapeshifter) (Vaults:1)
  3 glowing orange brains
  4 flayed ghosts
  A spark wasp zombie (Zig:4)
  A swamp dragon (shapeshifter) (Vaults:5)
  A deep troll (shapeshifter) (Depths:4)
  7 wizards
  22 deep trolls
  3 large abominations (D:6)
  5 hill giants
  18 ironbrand convokers
  A lindwurm (shapeshifter) (D:14)
  15 deep elf archers
  3 shambling mangroves
  4 phantasmal warriors
  A lindwurm (Lair:6)
  5 necromancers
  15 orc knights
  The ghost of Ponchio the Destroyer, a novice DECj of Vehumet (D:7)
  4 harpies (Vaults:1)
  A wolf spider (shapeshifter) (D:14)
  14 orb spiders
  72 deep elf magi
  7 orc sorcerers
  39 wolf spiders
  13 cyclopes
  4 salamanders
  44 ugly things
  3 elephants (Lair:6)
  A manticore (D:13)
  12 moths of wrath
  Maurice (D:8)
  2 spriggan zombies
  An ice statue (Zig:4)
  A frost giant skeleton (Depths:1)
  3 orange demons
  13 vault sentinels
  3 centaur zombies
  2 guardian serpents (shapeshifter)
  A black mamba (shapeshifter) (Depths:1)
  3 gargoyles
  Psyche (D:12)
  9 black mambas
  5 torpor snails (Lair:6)
  A kobold demonologist (D:13)
  2 centaur skeletons (D:15)
  2 torpor snails (shapeshifter)
  19 spiny frogs
  3 efreet
  7 rime drakes
  79 yaktaurs
  9 freezing wraiths
  7 demonic crawlers
  5 komodo dragons
  A hellwing (Depths:5)
  An ice devil (Zig:4)
  A guardian mummy (D:10)
  A red devil (D:15)
  5 tengu conjurers
  24 jumping spiders
  A harpy zombie (D:14)
  A polar bear (shapeshifter) (Depths:4)
  A wind drake (shapeshifter) (Vaults:4)
  9 trolls
  2 yaktaur skeletons (Depths:1)
  2 polar bears
  21 two-headed ogres
  9 tyrant leeches
  9 bog bodies
  A two-headed ogre (shapeshifter) (Vaults:4)
  Grinder (D:4)
  33 hornets
  A hornet (shapeshifter) (Elf:3)
  48 slime creatures
  2 stone giant simulacra (Depths:2)
  7 dream sheep
  A slime creature (shapeshifter) (Depths:2)
  An ettin zombie (Depths:1)
  21 blink frogs
  5 hippogriffs
  4 air elementals
  20 water elementals
  A harpy skeleton (D:15)
  2 deep troll zombies (Depths:1)
  32 tarantellas
  73 redbacks
  An elf simulacrum (Depths:3)
  6 shadows
  10 wraiths
  Sigmund (D:5)
  A tarantella (shapeshifter) (Vaults:3)
  The ghost of Dexcius the Chopper, an amateur MiBe of Trog (D:3)
  5 wyverns
  2 hogs (shapeshifter) (Depths:2)
  A basilisk (shapeshifter) (Vaults:2)
  41 yaks
  A chaos spawn (D:10)
  2 fire elementals
  9 basilisks
  12 vampire mosquitoes
  2 spriggan simulacra (Depths:2)
  A neqoxec (Depths:5)
  A steam dragon (Lair:6)
  19 insubstantial wisps
  17 swamp worms
  5 hungry ghosts
  A human simulacrum (Vaults:1)
  7 mottled dragons
  A soldier ant (shapeshifter) (D:14)
  8 wargs
  A soldier ant (D:13)
  Duvessa (D:4)
  5 water moccasins
  2 hell hounds (D:10)
  7 porcupines
  A floating eye (Depths:3)
  46 orc warriors
  11 swamp drakes
  A hornet zombie (D:13)
  4 ice beasts
  2 sky beasts
  9 boggarts
  A black bear (shapeshifter) (Vaults:4)
  2 eyes of draining
  A necrophage (D:12)
  4 black bears
  32 centaurs
  4 phantoms
  7 wolves
  58 ogres
  16 crocodiles
  5 big kobolds
  14 bullfrogs
  A glowing shapeshifter simulacrum (Vaults:2)
  A tengu simulacrum (Depths:1)
  3 earth elementals
  Dowan (D:4)
  6 scorpions
  5 killer bees (D:9)
  4 wights (D:12)
  An orc simulacrum (Vaults:2)
  11 electric eels
  A howler monkey (D:4)
  5 crimson imps
  3 bullfrog zombies
  7 hounds
  2 quasits
  6 jellies
  32 orc priests
  27 orc wizards
  2 bullfrog skeletons
  6 hell rats (Lair:2)
  9 iguanas
  10 worker ants
  A lightning spire (Zig:6)
  2 hound skeletons
  2 worker ant zombies (D:10)
  11 gnolls
  18 adders
  5 shadow imps
  An ooze (D:1)
  3 worms
  7 dart slugs
  113 orcs
  6 bats
  9 giant cockroaches
  12 goblins
  8 hobgoblins
  10 jackals
  4 quokkas
  10 frilled lizards
  17 kobolds
  9 rats
  3 briar patches (Swamp:3)
  3 fungi
  3 plants
2351 creatures vanquished.

Vanquished Creatures (collateral kills)
  Mara (Vaults:3)
  Bai Suzhen (Swamp:3)
  A caustic shrike (Depths:2)
  A deep elf master archer (Elf:3)
  A tengu reaver (Vaults:3)
  A frost giant (Depths:4)
  A deep elf death mage (Vaults:1)
  An orc high priest (Orc:2)
  A hell knight (Depths:4)
  A soul eater (D:15)
  A deep troll (Vaults:3)
  An orc knight (Orc:2)
  A yaktaur (Vaults:2)
  A polar bear (shapeshifter) (Vaults:2)
  7 blink frogs (Lair:1)
  A bog body (Swamp:3)
  A porcupine (Lair:1)
  3 orc warriors
  An iron imp (D:15)
  2 orc wizards
  An orc (Vaults:1)
30 creatures vanquished.

Vanquished Creatures (others)
  A hydra (Zig:7)
  2 moths of wrath (Zot:5)
  2 tyrant leeches
  An insubstantial wisp (Zig:7)
  An ogre (Vaults:3)
  A bush (Lair:4)
  20 fungi
  39 plants
67 creatures vanquished.

Grand Total: 2448 creatures vanquished

Notes
Turn   | Place    | Note
-------+----------+-------------------------------------------
     0 | D:1      | glosham the Ogre Berserker began the quest for the Orb.
     0 | D:1      | Reached XP level 1. HP: 24/24 MP: 1/1
    70 | D:1      | Reached XP level 2. HP: 29/32 MP: 2/2
   348 | D:1      | Reached skill level 5 in Maces & Flails
   764 | D:1      | Reached XP level 3. HP: 36/39 MP: 3/3
  1418 | D:2      | Reached skill level 6 in Maces & Flails
  1606 | D:2      | Reached XP level 4. HP: 32/48 MP: 4/4
  1888 | D:2      | Reached skill level 7 in Maces & Flails
  2158 | D:2      | Reached XP level 5. HP: 53/54 MP: 5/5
  2205 | D:2      | Reached ** piety under Trog
  2969 | D:3      | Reached skill level 8 in Maces & Flails
  3054 | D:3      | Found an iron altar of Okawaru.
  3474 | D:3      | Noticed Dexcius's ghost (amateur MiBe)
  3533 | D:3      | Killed Dexcius's ghost
  3533 | D:3      | Reached skill level 9 in Maces & Flails
  3533 | D:3      | Reached XP level 6. HP: 62/62 MP: 6/6
  3696 | D:3      | Reached *** piety under Trog
  3792 | D:4      | Noticed Grinder
  3792 | D:4      | Paralysed by Grinder for 5 turns
  3813 | D:4      | Paralysed by Grinder for 2 turns
  3823 | D:4      | Killed Grinder
  3823 | D:4      | Reached skill level 10 in Maces & Flails
  3823 | D:4      | Reached XP level 7. HP: 23/70 MP: 7/7
  4546 | D:4      | Found a blossoming altar of Fedhas.
  4547 | D:4      | Found an ancient bone altar of Kikubaaqudgha.
  4691 | D:4      | Noticed Dowan
  4692 | D:4      | Noticed Duvessa
  4700 | D:4      | Killed Duvessa
  4700 | D:4      | Reached skill level 11 in Maces & Flails
  4708 | D:4      | Killed Dowan
  5146 | D:5      | Entered Level 5 of the Dungeon
  5290 | D:4      | Reached XP level 8. HP: 78/78 MP: 8/8
  5572 | D:5      | Reached skill level 12 in Maces & Flails
  5756 | D:5      | Noticed Sigmund
  5823 | D:5      | Killed Sigmund
  5823 | D:5      | Reached skill level 13 in Maces & Flails
  6435 | D:6      | Reached skill level 14 in Maces & Flails
  6567 | D:6      | Found a snail-covered altar of Cheibriados.
  6748 | D:6      | Reached XP level 9. HP: 84/84 MP: 9/9
  6779 | D:6      | Found a staircase to the Ecumenical Temple.
  6798 | Temple   | Entered the Ecumenical Temple
  7169 | D:7      | Found a glowing golden altar of the Shining One.
  7179 | D:7      | Found a hazy altar of Hepliaklqana.
  7180 | D:7      | Found an opulent altar of Gozag.
  7184 | D:7      | Found a shadowy altar of Dithmenos.
  7272 | D:7      | Reached **** piety under Trog
  7272 | D:7      | Reached skill level 15 in Maces & Flails
  7796 | D:7      | Found Ytuitta's Book Boutique.
  8099 | D:7      | Reached skill level 16 in Maces & Flails
  8231 | D:8      | Found an ancient bone altar of Kikubaaqudgha.
  8566 | D:8      | Reached XP level 10. HP: 91/92 MP: 10/10
  8580 | D:8      | Noticed Gastronok
  8688 | D:8      | Killed Gastronok
  8688 | D:8      | Reached skill level 18 in Maces & Flails
  8851 | D:8      | Found a basalt altar of Yredelemnul.
  8851 | D:8      | Noticed Maurice
  8864 | D:8      | Killed Maurice
  9710 | D:9      | Reached skill level 19 in Maces & Flails
 10093 | D:9      | Reached ***** piety under Trog
 10200 | D:9      | Found a shattered altar of Ashenzari.
 10286 | D:9      | Reached XP level 11. HP: 99/100 MP: 11/11
 10901 | D:10     | Entered Level 10 of the Dungeon
 11081 | D:10     | Reached skill level 20 in Maces & Flails
 11156 | D:10     | Found a blossoming altar of Fedhas.
 11364 | D:10     | Noticed a three-headed hydra
 11368 | D:10     | Killed a three-headed hydra
 11468 | D:10     | Found a portal to a secret trove of treasure.
 11587 | D:10     | Found a staircase to the Lair.
 11968 | Lair:1   | Entered Level 1 of the Lair of Beasts
 12045 | Lair:1   | Reached skill level 21 in Maces & Flails
 13075 | Lair:1   | HP: 10/100 [blink frog (9)]
 13513 | Lair:1   | Noticed Harold
 13526 | Lair:1   | Killed Harold
 13526 | Lair:1   | Reached skill level 22 in Maces & Flails
 13526 | Lair:1   | Reached XP level 12. HP: 107/107 MP: 12/12
 14435 | D:11     | Reached skill level 11 in Fighting
 14435 | D:11     | Reached XP level 13. HP: 137/137 MP: 13/13
 14603 | D:11     | Found a staircase to the Orcish Mines.
 14876 | D:11     | Received a gift from Trog
 14894 | D:10     | Reached skill level 23 in Maces & Flails
 15338 | Trove    | Entered a treasure trove
 15399 | Trove    | Identified a scroll of acquirement
 15400 | Trove    | Got a faintly glowing giant spiked club
 15401 | Trove    | Identified the +4 giant spiked club of the Evening {pain, +Rage rN+ Dex+3 SInv} (You acquired it in a treasure trove)
 15534 | Lair:2   | Found a shimmering altar of Xom.
 16388 | Lair:3   | Found a labyrinth entrance.
 16406 | Lab      | Entered a labyrinth
 16703 | Lab      | Noticed a minotaur
 16708 | Lab      | Killed a minotaur
 16708 | Lab      | Reached skill level 24 in Maces & Flails
 16712 | Lab      | Got a translucent amber ring
 16718 | Lab      | Identified the ring "Palypurr" {*Contam +Fly rF++ rC+} (You found it in a labyrinth)
 17191 | Lair:3   | Reached skill level 3 in Dodging
 17706 | Lair:3   | Reached XP level 14. HP: 145/148 MP: 14/14
 17796 | Lair:3   | Found a staircase to the Swamp.
 18103 | Lair:4   | Found a hole to the Spider Nest.
 18192 | Lair:4   | Reached skill level 4 in Dodging
 18345 | Lair:4   | Reached skill level 12 in Fighting
 18625 | Lair:4   | Reached * piety under Trog
 19664 | Lair:5   | Reached skill level 5 in Dodging
 19910 | Lair:6   | Entered Level 6 of the Lair of Beasts
 19910 | Lair:6   | Found a staircase to the Slime Pits.
 19910 | Lair:6   | Found a viscous altar of Jiyva.
 19927 | Lair:6   | Noticed Nessos
 19943 | Lair:6   | Killed Nessos
 19949 | Lair:6   | Noticed Josephine
 20135 | Lair:5   | Reached skill level 13 in Fighting
 20212 | Lair:6   | Noticed Snorg
 20239 | Lair:6   | Killed Snorg
 20451 | Lair:6   | Killed Josephine
 21828 | Lair:6   | Reached skill level 6 in Dodging
 22064 | Lair:6   | Found a runed door.
 22658 | Lair:6   | Reached skill level 1 in Armour
 22663 | Lair:6   | Got an ichor-stained spear
 22765 | Lair:6   | Reached skill level 2 in Armour
 22938 | Lair:6   | Reached skill level 3 in Armour
 23402 | Orc:1    | Entered Level 1 of the Orcish Mines
 23422 | D:11     | Reached skill level 4 in Armour
 23492 | D:11     | Reached XP level 15. HP: 151/162 MP: 15/15
 23701 | Orc:1    | Found a bloodstained altar of Trog.
 23775 | Orc:2    | Entered Level 2 of the Orcish Mines
 23903 | Orc:2    | Noticed an orc warlord
 24307 | Orc:2    | Killed an orc warlord
 24307 | Orc:2    | Reached skill level 5 in Armour
 24735 | Orc:2    | Found a staircase to the Elven Halls.
 25124 | Orc:2    | Reached skill level 6 in Armour
 25423 | Orc:2    | Paralysed by an orc sorcerer for 7 turns
 25430 | Orc:2    | Gained mutation: You regenerate slowly when monsters are visible. [a neqoxec]
 25432 | Orc:2    | Reached skill level 14 in Fighting
 25655 | Orc:2    | Reached skill level 7 in Dodging
 26178 | Orc:2    | Found Fuos's Food Boutique.
 26201 | Orc:2    | Found Tiusevun's Food Boutique.
 26209 | Orc:2    | Found Pukloum's Distillery.
 26210 | Orc:2    | Found Hycoijuj's Book Emporium.
 26594 | Orc:2    | Bought a potion of heal wounds for 85 gold pieces
 26594 | Orc:2    | Bought a potion of lignification for 51 gold pieces
 26594 | Orc:2    | Bought a potion of invisibility for 136 gold pieces
 26594 | Orc:2    | Bought a potion of cancellation for 136 gold pieces
 26594 | Orc:2    | Bought a potion of haste for 170 gold pieces
 26594 | Orc:2    | Bought a potion of might for 68 gold pieces
 26594 | Orc:2    | Bought 2 potions of heal wounds for 170 gold pieces
 26752 | D:12     | Noticed Psyche
 26758 | D:12     | Killed Psyche
 27514 | D:12     | Gained mutation: Armour fits poorly on your strangely shaped body. [mutagenic meat]
 27515 | D:12     | Gained mutation: You are surrounded by a mild repulsion field. (EV +2) [mutagenic meat]
 27675 | D:10     | Gained mutation: You are frail. (-10% HP) [potion of mutation]
 27675 | D:10     | Gained mutation: You are weak. (Str -2) [potion of mutation]
 27675 | D:10     | Lost mutation: You regenerate slowly when monsters are visible. [potion of mutation]
 27676 | D:10     | Gained mutation: You are partially covered in rugged brown scales. (AC +1, +3% HP) [potion of mutation]
 27676 | D:10     | Gained mutation: Your magical capacity is low. (-10% MP) [potion of mutation]
 27677 | D:10     | Gained mutation: Your movements are slightly less encumbered by armour. (ER -2) [potion of mutation]
 27677 | D:10     | Gained mutation: You are very weak. (Str -4) [potion of mutation]
 27678 | D:10     | Gained mutation: You are agile. (Dex +2) [potion of mutation]
 27678 | D:10     | Lost mutation: You are agile. (Dex +2) [potion of mutation]
 27679 | D:10     | Gained mutation: You are dopey. (Int -2) [potion of mutation]
 27680 | D:10     | Gained mutation: You passively map a small area around you. [potion of mutation]
 27680 | D:10     | Gained mutation: You tend to lose your temper in combat. [potion of mutation]
 27681 | D:10     | Lost mutation: You tend to lose your temper in combat. [potion of cure mutation]
 27681 | D:10     | Lost mutation: You are very weak. (Str -4) [potion of cure mutation]
 27681 | D:10     | Lost mutation: You are dopey. (Int -2) [potion of cure mutation]
 27875 | D:13     | Received a gift from Trog
 28124 | D:13     | Reached skill level 15 in Fighting
 29078 | D:14     | Reached skill level 8 in Dodging
 29200 | D:14     | Gained mutation: Your spells are a little harder to cast, but a little more powerful. [potion of beneficial mutation]
 29219 | D:14     | Reached skill level 16 in Fighting
 29227 | D:14     | Received a gift from Trog
 29228 | D:14     | Got a pitted giant club {god gift}
 29229 | D:14     | Identified the +5 giant club of Trog's Indignation {freeze, Int+2} (Trog gifted it to you on level 14 of the Dungeon)
 29419 | D:14     | Reached XP level 16. HP: 130/167 MP: 9/14
 29713 | D:14     | Noticed a sphinx
 29723 | D:14     | Killed a sphinx
 30150 | D:14     | Reached skill level 17 in Fighting
 30209 | D:14     | Found a gate to the Vaults.
 30859 | D:15     | Entered Level 15 of the Dungeon
 30927 | D:15     | Reached skill level 18 in Fighting
 31071 | D:15     | Reached skill level 9 in Dodging
 31632 | D:15     | Reached skill level 19 in Fighting
 31726 | D:15     | Found a staircase to the Depths.
 32225 | Swamp:1  | Entered Level 1 of the Swamp
 32235 | Lair:3   | Received a gift from Trog
 32236 | Lair:3   | Got a polished giant club {god gift}
 32237 | Lair:3   | Identified the +2 giant club "Cutsiaph" {venom, Str+4} (Trog gifted it to you on level 3 of the Lair of Beasts)
 32596 | Swamp:1  | Reached skill level 20 in Fighting
 33333 | Swamp:2  | Reached skill level 21 in Fighting
 33565 | Swamp:2  | Got a brightly glowing shield
 33567 | Swamp:2  | Identified the +2 shield "Jiekh" {rF+ rN+ MP+9} (You found it on level 2 of the Swamp)
 34195 | Swamp:3  | Noticed Bai Suzhen
 34203 | Swamp:3  | Killed Bai Suzhen
 34204 | Swamp:3  | Noticed a thorn hunter
 34500 | Swamp:2  | Received a gift from Trog
 34501 | Swamp:2  | Got a translucent giant spiked club {god gift}
 34506 | Swamp:2  | Identified the +4 giant spiked club of Disorder {crush, Dex+3} (Trog gifted it to you on level 2 of the Swamp)
 34530 | Swamp:2  | Killed a thorn hunter
 34530 | Swamp:2  | Reached skill level 10 in Dodging
 34739 | Swamp:2  | Reached XP level 17. HP: 182/193 MP: 13/15
 35340 | Swamp:3  | Reached skill level 11 in Dodging
 36145 | Swamp:4  | Entered Level 4 of the Swamp
 36286 | Swamp:4  | Reached skill level 12 in Dodging
 36602 | Swamp:4  | Received a gift from Trog
 36603 | Swamp:4  | Got a pitted giant club {god gift}
 36604 | Swamp:4  | Identified the +4 giant club "Beetlebane" {flame, Int+6} (Trog gifted it to you on level 4 of the Swamp)
 37532 | Swamp:4  | Reached skill level 13 in Dodging
 37675 | Swamp:4  | Noticed the 27-headed Lernaean hydra
 37707 | Swamp:4  | Killed the 27-headed Lernaean hydra
 37790 | Swamp:4  | Reached skill level 25 in Maces & Flails
 37888 | Swamp:4  | Got a decaying rune of Zot
 38727 | Spider:1 | Entered Level 1 of the Spider Nest
 38750 | Spider:1 | Reached skill level 1 in Crossbows
 38824 | Spider:1 | Reached skill level 2 in Crossbows
 38934 | Spider:1 | Reached skill level 3 in Crossbows
 39296 | Spider:1 | Reached skill level 4 in Crossbows
 39339 | Spider:1 | Noticed Aizul
 39347 | Spider:1 | Killed Aizul
 39568 | Spider:1 | Reached XP level 18. HP: 187/202 MP: 16/16
 39578 | Spider:1 | Reached skill level 5 in Crossbows
 39850 | Spider:1 | Reached skill level 6 in Crossbows
 39942 | Spider:1 | Received a gift from Trog
 40304 | Spider:1 | Reached skill level 7 in Crossbows
 40830 | Spider:1 | Reached skill level 8 in Crossbows
 41210 | Spider:2 | Noticed Roxanne
 41262 | Spider:2 | Reached skill level 9 in Crossbows
 41440 | Spider:2 | Killed Roxanne
 41527 | Spider:3 | Noticed Donald
 41538 | Spider:3 | Killed Donald
 41899 | Spider:3 | Got a brightly glowing hat
 41900 | Spider:3 | Identified the +1 hat of Peek-a-Boo {rElec Dex+6} (You found it on level 3 of the Spider Nest)
 41985 | Spider:3 | Received a gift from Trog
 42468 | Spider:3 | Reached skill level 10 in Crossbows
 42564 | Spider:4 | Entered Level 4 of the Spider Nest
 43771 | Spider:4 | Reached skill level 14 in Dodging
 43910 | Spider:4 | Lost mutation: Armour fits poorly on your strangely shaped body. [mutagenic meat]
 43911 | Spider:4 | Lost mutation: Your spells are a little harder to cast, but a little more powerful. [mutagenic meat]
 43913 | Spider:4 | Gained mutation: You are very weak. (Str -4) [mutagenic meat]
 44161 | Spider:4 | Received a gift from Trog
 44285 | Spider:4 | Gained mutation: You have sharp toenails. [mutagenic meat]
 44287 | Spider:4 | Lost mutation: Your magical capacity is low. (-10% MP) [mutagenic meat]
 44350 | Spider:4 | Received a gift from Trog
 44755 | Spider:4 | Got a gossamer rune of Zot
 45364 | Elf:1    | Entered Level 1 of the Elven Halls
 45371 | Elf:1    | Reached XP level 19. HP: 210/210 MP: 19/19
 45384 | Elf:1    | Reached skill level 15 in Dodging
 46379 | Elf:1    | Found Ziuleb's Book Boutique.
 46385 | Elf:1    | Found Quigauno's Gadget Shoppe.
 46811 | Elf:2    | Found Upoquf's Gadget Boutique.
 46811 | Elf:2    | Found Ohueptih's Jewellery Emporium.
 46813 | Elf:2    | Found Qeduom's Gadget Boutique.
 46895 | Elf:2    | Reached skill level 16 in Dodging
 46994 | Elf:2    | Received a gift from Trog
 47041 | Elf:2    | Received a gift from Trog
 47229 | Elf:2    | Reached ****** piety under Trog
 47266 | Elf:2    | Found a large runed door.
 47266 | Elf:2    | Found a large runed door.
 47288 | Elf:2    | Found a large runed door.
 47288 | Elf:2    | Found a large runed door.
 47334 | Elf:2    | Received a gift from Trog
 47412 | Elf:2    | Received a gift from Trog
 47805 | Elf:2    | Reached skill level 17 in Dodging
 48437 | Elf:3    | Entered Level 3 of the Elven Halls
 48610 | Elf:3    | Received a gift from Trog
 48885 | Elf:3    | Found Toeda's General Store.
 49303 | Elf:3    | Reached XP level 20. HP: 213/219 MP: 20/20
 49576 | Elf:3    | Reached skill level 18 in Dodging
 50314 | Elf:3    | Received a gift from Trog
 50378 | Elf:3    | Got an ebony quarterstaff {freeze}
 50882 | Elf:3    | Got a sparkling glass ring
 50935 | Elf:3    | Reached skill level 19 in Dodging
 51089 | Elf:3    | Identified the ring "Piline" {Wiz *Corrode rPois rC+++ Str-4} (You took it off a deep elf demonologist on level 3 of the Elven Halls)
 51314 | Elf:3    | Got a translucent granite ring
 51316 | Elf:3    | Identified the ring "Ciddivor" {*Drain +Fly Int+3 Dex+6 Slay+3} (You found it on level 3 of the Elven Halls)
 51322 | Elf:3    | Identified the cursed +0 quarterstaff of Sorch {freeze, +Inv Str-5 Int+3} (You took it off a deep elf death mage on level 3 of the Elven Halls)
 51429 | Elf:3    | Bought a potion of ambrosia for 120 gold pieces
 51429 | Elf:3    | Bought an uncursed ring of positive energy for 300 gold pieces
 51429 | Elf:3    | Bought 2 potions of curing for 90 gold pieces
 51429 | Elf:3    | Bought a potion of curing for 45 gold pieces
 51429 | Elf:3    | Bought a scroll of remove curse for 45 gold pieces
 51429 | Elf:3    | Bought a scroll of remove curse for 45 gold pieces
 51482 | Elf:2    | Bought an uncursed ring of positive energy for 360 gold pieces
 51482 | Elf:2    | Bought an uncursed ring of protection from fire for 450 gold pieces
 51780 | Vaults:1 | Entered Level 1 of the Vaults
 51783 | Vaults:1 | Received a gift from Trog
 52417 | Vaults:1 | Received a gift from Trog
 52726 | Vaults:1 | Gained mutation: You are agile. (Dex +2) [mutagenic meat]
 52727 | Vaults:1 | Lost mutation: You are very weak. (Str -4) [mutagenic meat]
 52775 | Vaults:1 | Received a gift from Trog
 53769 | Vaults:1 | Reached skill level 20 in Dodging
 53778 | Vaults:1 | Reached XP level 21. HP: 226/226 MP: 21/21
 54143 | Vaults:1 | Received a gift from Trog
 55188 | Vaults:2 | Received a gift from Trog
 55188 | Vaults:2 | Reached skill level 21 in Dodging
 56090 | Vaults:2 | Received a gift from Trog
 56703 | Vaults:2 | Received a gift from Trog
 56826 | Vaults:2 | Received a gift from Trog
 57148 | Vaults:3 | Received a gift from Trog
 57602 | Elf:2    | Bought the ring of a Thousand Wars {Str+3 SInv} for 509 gold pieces
 57980 | Vaults:3 | Noticed Sojobo
 57997 | Vaults:3 | Killed Sojobo
 58208 | Vaults:3 | Reached skill level 22 in Fighting
 58208 | Vaults:3 | Reached XP level 22. HP: 203/236 MP: 7/22
 58305 | Vaults:3 | Found a staircase to the Crypt.
 58836 | Vaults:3 | Noticed Mara
 58838 | Vaults:3 | Noticed glosham's illusion
 58860 | Vaults:3 | Killed Mara
 59347 | Vaults:3 | Received a gift from Trog
 60003 | Vaults:4 | Received a gift from Trog
 60242 | Vaults:4 | Received a gift from Trog
 60855 | Vaults:4 | Received a gift from Trog
 60969 | Vaults:4 | Reached skill level 23 in Fighting
 61237 | Vaults:4 | Reached skill level 26 in Maces & Flails
 61956 | Orc:2    | Bought a potion of cure mutation for 425 gold pieces
 62000 | Orc:2    | Received a gift from Trog
 62007 | Orc:2    | Got a faintly glowing arbalest {god gift}
 62012 | Orc:2    | Identified the +9 arbalest "Viamihokh" {elec, +Inv} (Trog gifted it to you on level 2 of the Orcish Mines)
 62135 | Depths:1 | Entered Level 1 of the Depths
 62369 | Depths:1 | Found a glowing golden altar of the Shining One.
 62369 | Depths:1 | Found a white marble altar of Elyvilon.
 62370 | Depths:1 | Found a glowing silver altar of Zin.
 62596 | Depths:1 | Reached skill level 7 in Armour
 63080 | Depths:1 | Found a one-way gate to the infinite horrors of the Abyss.
 63120 | Depths:1 | Reached skill level 8 in Armour
 63545 | Depths:1 | Received a gift from Trog
 63694 | Depths:1 | Reached XP level 23. HP: 250/250 MP: 7/23
 63716 | Depths:1 | Reached skill level 9 in Armour
 63809 | Depths:1 | Found a gateway to Hell.
 64048 | Depths:2 | Noticed a caustic shrike
 64049 | Depths:2 | Noticed a caustic shrike
 64049 | Depths:2 | Noticed a caustic shrike
 64067 | Depths:2 | Killed a caustic shrike
 64220 | Depths:2 | Reached skill level 10 in Armour
 64323 | Depths:2 | Killed a caustic shrike
 64326 | Depths:2 | Killed a caustic shrike
 64422 | Depths:2 | Found a gateway to a ziggurat.
 64422 | Depths:2 | Found a one-way gate leading to the halls of Pandemonium.
 64616 | Depths:2 | Reached skill level 11 in Armour
 64947 | Depths:2 | Found a shadowy altar of Dithmenos.
 64948 | Depths:2 | Found an opulent altar of Gozag.
 64948 | Depths:2 | Noticed Nikola
 64959 | Depths:2 | Killed Nikola
 64960 | Depths:2 | Found a shattered altar of Ashenzari.
 65073 | Depths:2 | Received a gift from Trog
 65075 | Depths:2 | Noticed a juggernaut
 65083 | Depths:2 | Killed a juggernaut
 65523 | Depths:2 | Received a gift from Trog
 65756 | Depths:2 | Reached skill level 12 in Armour
 66288 | Depths:2 | Reached XP level 24. HP: 252/260 MP: 7/23
 66393 | Depths:2 | Received a gift from Trog
 66566 | Depths:2 | Reached skill level 24 in Fighting
 66656 | Depths:2 | Received a gift from Trog
 66672 | Depths:2 | Got a scorched short sword
 66685 | Depths:2 | Identified the cursed +0 short sword "Dragon's Tongue" {speed, Int+4 Dex+4} (You found it on level 2 of the Depths)
 66924 | Depths:2 | Received a gift from Trog
 67233 | Depths:3 | Noticed Frederick
 67249 | Depths:3 | Killed Frederick
 67372 | Depths:3 | Noticed Jorgrun
 67393 | Depths:3 | Killed Jorgrun
 67532 | Depths:3 | Reached skill level 27 in Maces & Flails
 67938 | Depths:3 | Reached skill level 13 in Armour
 68069 | Depths:3 | Received a gift from Trog
 68388 | Depths:3 | Identified the +4 hand crossbow "Pabiadd" {elec, +Blink rF+ Dex-2 Stlth+} (You took it off a spriggan defender on level 3 of the Depths)
 68390 | Depths:3 | Identified a +4 rod of shadows (14/14) {!a} (You took it off a spriggan defender on level 3 of the Depths)
 69250 | Depths:4 | Received a gift from Trog
 69250 | Depths:4 | Reached skill level 25 in Fighting
 69510 | Depths:3 | Received a gift from Trog
 70047 | Depths:4 | Reached skill level 14 in Armour
 70047 | Depths:4 | Reached XP level 25. HP: 228/275 MP: 7/23
 70806 | Depths:5 | Entered Level 5 of the Depths
 71367 | Depths:4 | Received a gift from Trog
 71367 | Depths:4 | Reached skill level 26 in Fighting
 71494 | Depths:5 | Found a gate to the Realm of Zot.
 71629 | Depths:5 | Found Vopt's Assorted Antiques.
 71918 | Depths:5 | Received a gift from Trog
 72061 | Depths:5 | Got a vibrating tin ring
 72067 | Depths:5 | Identified the ring of the Hidden Realms {rF+ MP+9 Str+2 Dex+2} (You found it on level 5 of the Depths)
 72377 | Depths:5 | Identified the cursed +0 robe of Compassion {rN+} (You found it on level 5 of the Depths)
 72735 | Vaults:1 | Reached skill level 15 in Armour
 72838 | Vaults:5 | Entered Level 5 of the Vaults
 73319 | Vaults:4 | Received a gift from Trog
 74185 | Vaults:4 | Reached XP level 26. HP: 290/290 MP: 23/23
 74331 | Vaults:4 | Reached skill level 11 in Crossbows
 74416 | Vaults:5 | Noticed Jory
 74502 | Vaults:5 | Noticed an ancient lich
 74517 | Vaults:4 | Killed Jory
 74559 | Vaults:4 | Killed an ancient lich
 74559 | Vaults:4 | Reached skill level 22 in Dodging
 74595 | Vaults:4 | Reached skill level 27 in Fighting
 74855 | Vaults:4 | Received a gift from Trog
 75015 | Vaults:5 | Received a gift from Trog
 75146 | Vaults:5 | Noticed Saint Roka
 75157 | Vaults:5 | Killed Saint Roka
 75342 | Vaults:5 | Reached skill level 12 in Crossbows
 75726 | Vaults:5 | Reached skill level 16 in Armour
 76005 | Vaults:5 | Received a gift from Trog
 76217 | Vaults:5 | Got an ichor-stained halberd
 76341 | Vaults:5 | Got a silver rune of Zot
 76352 | Vaults:5 | Identified the cursed +0 halberd of Jeryohimee {freeze, *Contam +Blink rN+ MR+} (You found it on level 5 of the Vaults)
 76427 | Vaults:3 | Received a gift from Trog
 76814 | Orc:2    | Bought 2 potions of flight for 102 gold pieces
 77111 | Depths:5 | Bought a scroll of teleportation for 138 gold pieces
 77111 | Depths:5 | Bought a scroll of blinking for 345 gold pieces
 77111 | Depths:5 | Bought 2 potions of heal wounds for 460 gold pieces
 77111 | Depths:5 | Bought 2 potions of heal wounds for 460 gold pieces
 77111 | Depths:5 | Bought a potion of invisibility for 368 gold pieces
 77167 | Depths:3 | Reached skill level 1 in Evocations
 77215 | Zig:1    | Entered Level 1 of a ziggurat
 77247 | Zig:2    | Entered Level 2 of a ziggurat
 77260 | Zig:2    | Reached skill level 2 in Evocations
 77362 | Zig:3    | Entered Level 3 of a ziggurat
 77421 | Zig:4    | Entered Level 4 of a ziggurat
 77437 | Zig:4    | Reached skill level 3 in Evocations
 77479 | Zig:5    | Entered Level 5 of a ziggurat
 77514 | Zig:5    | Reached skill level 4 in Evocations
 77568 | Zig:5    | Reached skill level 6 in Evocations
 77568 | Zig:5    | Reached XP level 27. HP: 300/300 MP: 8/27
 77576 | Zig:6    | Entered Level 6 of a ziggurat
 77593 | Zig:6    | Received a gift from Trog
 77649 | Zig:6    | Got a twitching emerald amulet
 77650 | Zig:6    | Identified the amulet of Mailaffonk {*Drain rElec Regen+ Int+4 Stlth+} (You found it on level 6 of a ziggurat)
 77653 | Zig:6    | Got a brightly glowing golden ring
 77654 | Zig:6    | Identified the cursed ring of Yptipowk {rF+ AC-5 Int+2 Dex+5} (You found it on level 6 of a ziggurat)
 77663 | Zig:7    | Entered Level 7 of a ziggurat
 77684 | Zig:7    | Reached skill level 7 in Evocations
 77815 | Zig:7    | Identified a +0 rod of clouds (12/12) (You found it on level 7 of a ziggurat)
 77948 | Zot:1    | Entered Level 1 of the Realm of Zot
 78011 | Zot:1    | Reached skill level 8 in Evocations
 78593 | Zot:5    | Entered Level 5 of the Realm of Zot
 78693 | Zot:5    | Received a gift from Trog
 78947 | Zot:5    | Reached skill level 13 in Crossbows
 79636 | Zot:5    | Noticed an ancient lich
 79641 | Zot:5    | Noticed an ancient lich
 79645 | Zot:5    | Noticed an orb of fire
 79646 | Zot:5    | Killed an ancient lich
 79655 | Zot:5    | Noticed an ancient lich
 79656 | Zot:5    | Killed an ancient lich
 79656 | Zot:5    | Reached skill level 9 in Evocations
 79658 | Zot:5    | Noticed an orb of fire
 79659 | Zot:5    | Noticed an orb of fire
 79671 | Zot:5    | Killed an orb of fire
 79673 | Zot:5    | Killed an orb of fire
 79683 | Zot:5    | Killed an orb of fire
 79685 | Zot:5    | Killed an ancient lich
 79711 | Zot:5    | Reached skill level 17 in Armour
 79728 | Zot:5    | Received a gift from Trog
 80089 | Zot:5    | Reached skill level 23 in Dodging
 80222 | Zot:5    | Noticed an orb of fire
 80227 | Zot:5    | Gained mutation: You are very weak. (Str -4) [an orb of fire]
 80233 | Zot:5    | Killed an orb of fire
 80242 | Zot:5    | Noticed an ancient lich
 80249 | Zot:5    | Killed an ancient lich
 80267 | Zot:5    | Noticed an orb of fire
 80267 | Zot:5    | Gained mutation: Scrolls take you a little longer to read. [an orb of fire]
 80277 | Zot:5    | Lost mutation: You are agile. (Dex +2) [an orb of fire]
 80281 | Zot:5    | Killed an orb of fire
 80355 | Zot:5    | Reached skill level 14 in Crossbows
 80406 | Zot:5    | Reached skill level 1 in Stealth
 80450 | Zot:5    | Reached skill level 2 in Stealth
 80497 | Zot:5    | Reached skill level 3 in Stealth
 80525 | Zot:5    | Reached skill level 4 in Stealth
 80622 | Zot:5    | Noticed an ancient lich
 80647 | Zot:5    | Killed an ancient lich
 80647 | Zot:5    | Reached skill level 5 in Stealth
 80882 | Zot:5    | Got the Orb of Zot
 80948 | Zot:5    | Reached skill level 6 in Stealth
 80960 | Zot:4    | Lost mutation: You are very weak. (Str -4) [potion of cure mutation]
 80960 | Zot:4    | Lost mutation: You are frail. (-10% HP) [potion of cure mutation]
 80960 | Zot:4    | Lost mutation: You passively map a small area around you. [potion of cure mutation]
 80960 | Zot:4    | Lost mutation: Scrolls take you a little longer to read. [potion of cure mutation]
 80960 | Zot:4    | Lost mutation: You are surrounded by a mild repulsion field. (EV +2) [potion of cure mutation]
 81151 | Depths:3 | Noticed Ucyan the pandemonium lord
 81269 | D:15     | Noticed Fuzu the pandemonium lord
 81274 | D:15     | Killed Fuzu the pandemonium lord
 81274 | D:15     | Reached skill level 7 in Stealth
 81297 | D:15     | Noticed Selum the pandemonium lord
 81442 | D:8      | Noticed a seraph
 81447 | D:7      | Noticed Ponchio's ghost (novice DECj)
 81450 | D:7      | Killed Ponchio's ghost
 81450 | D:7      | Received a gift from Trog
 81581 | D:1      | Noticed Poanol the pandemonium lord
 81606 | D:$      | Escaped with the Orb!

Skill      XL: |  1  2  3  4  5  6  7  8  9 10 11 12 13 14 15 16 17 18 19 20 21 22 23 24 25 26 27 |
---------------+----------------------------------------------------------------------------------+-----
Maces & Flails | 5 6 7 9 10 11 14 16 19 22 24 25 26 27 | 27.0
Fighting       | 11 13 16 21 22 23 25 26 27 | 27.0
Dodging        | 3 6 8 10 13 14 17 20 21 22 23 | 23.2
Armour         | 4 6 8 12 14 15 16 17 | 17.4
Crossbows      | 4 10 12 14 | 14.0
Evocations     | 6 9 |  9.7
Stealth        | 7 |  7.6

Action                   |  1- 3 |  4- 6 |  7- 9 | 10-12 | 13-15 | 16-18 | 19-21 | 22-24 | 25-27 || total
-------------------------+-------+-------+-------+-------+-------+-------+-------+-------+-------++-------
Melee: Mace              |    92 |   166 |     1 |       |       |       |       |       |       ||   259
       Morningstar       |       |       |    67 |   206 |    35 |       |       |       |       ||   308
       Giant club        |       |       |   130 |   210 |    14 |   326 |       |       |       ||   680
       Whip              |       |       |       |    17 |       |       |       |       |       ||    17
       Giant spiked club |       |       |       |       |  1008 |   844 |   944 |  1517 |  1469 ||  5782
       Dire flail        |       |       |       |       |    16 |       |       |       |       ||    16
       Kick              |       |       |       |       |       |    29 |   551 |   827 |   791 ||  2198
       Great mace        |       |       |       |       |       |       |   253 |       |       ||   253
 Fire: Blowgun           |       |       |    12 |     1 |       |       |       |       |       ||    13
       Heavy crossbow    |       |       |       |       |       |    51 |    15 |    13 |     3 ||    82
Throw: Stone             |       |     4 |     9 |     2 |       |       |       |       |       ||    15
       Tomahawk          |       |       |       |    14 |    10 |       |       |       |       ||    24
       Throwing net      |       |       |       |     1 |       |       |       |       |       ||     1
Invok: Berserk           |     2 |    10 |    18 |    25 |    17 |    21 |     9 |     8 |    16 ||   126
       Trog's Hand       |       |     1 |     1 |       |     2 |     2 |    10 |     8 |     6 ||    30
       Brothers in Arms  |       |       |       |     3 |     2 |     5 |     6 |     2 |     2 ||    20
       Burn Spellbooks   |       |       |       |     1 |     4 |     4 |     6 |     3 |     5 ||    23
 Abil: Evoke Berserk Rag |       |       |       |       |     2 |       |       |       |       ||     2
       Evoke Invisibilit |       |       |       |       |       |       |     1 |       |       ||     1
       Turn Visible      |       |       |       |       |       |       |     1 |       |       ||     1
       Stop Flying       |       |       |       |       |       |       |     6 |       |       ||     6
       Evoke Flight      |       |       |       |       |       |       |     6 |       |       ||     6
Evoke: Wand              |       |       |       |     4 |     6 |       |       |     5 |    23 ||    38
  Use: Scroll            |     3 |     5 |    11 |     9 |    15 |     5 |    10 |    12 |    33 ||   103
       Potion            |       |       |       |     3 |     9 |     2 |       |       |     8 ||    22
 Stab: Sleeping          |       |     3 |       |     2 |     1 |       |       |       |       ||     6
       Distracted        |       |     1 |       |       |     2 |     4 |     1 |     1 |       ||     9
       Held in net/web   |       |       |       |     1 |       |       |       |       |       ||     1
       Invisible         |       |       |       |       |       |     2 |       |       |       ||     2
  Eat: Chunk             |     1 |    17 |    28 |    51 |    84 |    76 |    59 |    47 |    34 ||   397
       Pizza             |     1 |       |     2 |     2 |     1 |       |       |       |       ||     6
       Fruit             |       |       |     3 |     2 |       |     4 |       |       |       ||     9
       Royal jelly       |       |       |       |     2 |       |       |     1 |       |     2 ||     5
       Beef jerky        |       |       |       |     1 |       |     1 |       |       |       ||     2
       Meat ration       |       |       |       |       |       |       |       |       |     4 ||     4
Armor: Animal skin       |    22 |    24 |    32 |    73 |    82 |       |       |       |       ||   233
       Ice dragon scales |       |       |       |       |   191 |   327 |   154 |    38 |       ||   710
       Pearl dragon scal |       |       |       |       |       |       |       |   349 |   457 ||   806
Dodge: Dodged            |    33 |    76 |    75 |   101 |   407 |   781 |   741 |  1414 |  1447 ||  5075

Table legend:
 A = Turns spent in this place as a percentage of turns spent in the entire game.
 B = Non-inter-level travel turns spent in this place as a percentage of non-inter-level travel turns spent in the entire game.
 C = Inter-level travel turns spent in this place as a percentage of turns spent in this place.
 D = Turns resting spent in this place as a percentage of non-inter-level travel turns spent in this place.
 E = Turns spent auto-exploring this place as a percentage of non-inter-level travel turns spent in this place.
 F = Non-inter-level travel turns spent in this place divided by the number of levels of this place that you've seen.
                   A       B       C       D       E      F
               +-------+-------+-------+-------+-------+----------------------
         Total | 100.0 | 100.0 |   0.6 |   4.1 |   0.4 | 715.1
       Dungeon |  25.5 |  25.4 |   1.0 |   4.4 |   0.4 | 715.1
        Temple |   0.1 |   0.1 |   2.6 |   0.0 |   5.4 |  37.0
          Lair |  10.7 |  10.7 |   0.5 |   4.8 |   0.5 | 752.0
         Swamp |   7.2 |   7.2 |   0.4 |   7.0 |   0.7 | 760.5
   Spider Nest |   7.4 |   7.4 |   0.6 |   4.3 |   0.4 | 776.2
  Orcish Mines |   3.3 |   3.3 |   0.8 |   2.6 |   0.4 | 703.0
   Elven Halls |   9.2 |   9.2 |   0.6 |   3.7 |   0.2 | 1287.3
        Vaults |  16.3 |  16.3 |   0.6 |   3.5 |   0.3 | 1377.0
        Depths |  13.9 |  14.0 |   0.4 |   3.6 |   0.3 | 1178.8
           Zot |   4.7 |   4.7 |   0.2 |   2.4 |   0.0 | 396.8
      Ziggurat |   0.8 |   0.8 |   0.0 |   6.3 |   0.0 |  47.6
     Labyrinth |   0.8 |   0.8 |   0.0 |   1.8 |   0.0 | 332.0
         Trove |   0.2 |   0.2 |   0.0 |   0.0 |   0.0 |  73.0
               +-------+-------+-------+-------+-------+----------------------

Table legend:
 A = Kills in this place as a percentage of kills in entire the game.
 B = Kills by you in this place as a percentage of kills by you in the entire game.
 C = Kills by friends in this place as a percentage of kills by friends in the entire game.
 D = Other kills in this place as a percentage of other kills in the entire game.
 E = Experience gained in this place as a percentage of experience gained in the entire game.
 F = Experience gained in this place divided by the number of levels of this place that you have seen.
                   A       B       C       D       E      F
               +-------+-------+-------+-------+-------+----------------------
         Total | 100.0 | 100.0 | 100.0 | 100.0 | 100.0 | 25987.2
       Dungeon |  21.4 |  21.6 |   6.7 |   0.0 |   6.1 | 6205.6
          Lair |   7.3 |   7.1 |  26.7 |   0.0 |   3.1 | 7944.7
         Swamp |   7.8 |   7.7 |   6.7 |  50.0 |   5.3 | 20209.2
   Spider Nest |   8.5 |   8.6 |   0.0 |   0.0 |   5.3 | 20503.8
  Orcish Mines |   4.5 |   4.4 |  16.7 |   0.0 |   1.1 | 8326.0
   Elven Halls |   7.1 |   7.1 |   3.3 |   0.0 |   8.8 | 44954.7
        Vaults |  21.5 |  21.3 |  30.0 |  50.0 |  25.8 | 79136.0
        Depths |  16.3 |  16.4 |  10.0 |   0.0 |  24.9 | 76303.2
           Zot |   4.0 |   4.0 |   0.0 |   0.0 |  17.3 | 53198.4
      Ziggurat |   1.4 |   1.4 |   0.0 |   0.0 |   2.1 | 4666.1
     Labyrinth |   0.3 |   0.3 |   0.0 |   0.0 |   0.1 | 2271.0
               +-------+-------+-------+-------+-------+----------------------

Vault maps used:
D:1:      minmay_arrival_plants_in_alcoves
D:2:      minmay_box_of_dots
D:3:      first_bread, okawaru_trees_2
D:4:      grunt_temple_overflow_growth_and_decay, uniq_grinder, uniq_duvessa
D:5:      uniq_sigmund
D:6:      nicolae_overflow_crystal_walls, minmay_temple_entry_purple_smoke,
          kennysheep_generic_room_10
D:7:      minitemple, serial_shops, nicolae_shop_stone, serial_corexii_hall,
          corexii_hall_statues_l, corexii_hall_statues_l
D:8:      overflow_temple_1_default, basic_altar, uniq_gastronok, uniq_maurice
D:9:      wad_lake_hut, nicolae_ashenzari_panopticon
D:10:     minmay_lair_entry_lava, nicolae_trove_entry_path_of_doom,
          hangedman_ranch, fedhas_altar_1
D:11:     hiddenorc2_lemuel, wad_floor_pattern_1, roderic_roman_lattice,
          minmay_misc_feat_alley, grunt_ministairs_10
D:12:     uniq_psyche
D:13:     minmay_liquid_box, minivault_4
D:14:     kennysheep_four_of_diamonds, david_vaults_4
D:15:     hangedman_depths_entry_civil_slaughter, grunt_decor_fettered
Temple:   pf_slimified_temple
Lair:1:   uniq_harold
Lair:2:   basic_altar
Lair:3:   swamp_mist, lab_entry_generic, beast_lair_carwin_9,
          lemuel_fruit_fields, grunt_megastairs_2, infiniplex_staircase_pool
Lair:4:   minmay_lair_venomous_thicket, spider_nest_entry_rubble
Lair:6:   wormcave, guppyfry_lair_end_dragon, slime_altar_1,
          serial_bayou_shore_b, uniq_josephine, uniq_nessos, uniq_snorg
Swamp:1:  hangedman_swamp_cone
Swamp:2:  nicolae_swamp_dense_foliage
Swamp:3:  nicolae_swamp_feature_on_the_river_bank, uniq_bai_suzhen
Swamp:4:  swamp_old_school, swamp_pool2
Spider:1: uniq_aizul
Spider:2: uniq_roxanne
Spider:3: uniq_donald
Spider:4: spider_rune_water, spider_trap, nicolae_spider_cling_ruins
Orc:1:    trog_hazing_becter
Orc:2:    st_orc_elflike
Elf:1:    eino_elf_arrival_the_gate, serial_shops, shop, shop_statue,
          hangedman_elf_represent
Elf:2:    st_stairs_7, minmay_shop_grove, basic_stair_grate_trap
Elf:3:    elf_hall, serial_shops, nicolae_shop_crystal, grunt_ministairs_15
Vaults:1: ontoclasm_vaults_ring_square, hangedman_vaults_capsules,
          vaults_standard_mumra_lines, vaults_room_boxed, vaults_room_pool,
          vaults_dpeg_encased_lava, ontoclasm_vaults_twist,
          vaults_room_door_hall, vaults_room_corners, hangedman_vaults_stream,
          ontoclasm_vaults_idyll, vaults_room_pool
Vaults:2: v_rooms_2, st_octagons_2, nicolae_vaults_mini_display_case, v_misc_28,
          v_misc_22, ontoclasm_vaults_loading_screen, hangedman_vaults_corner,
          hangedman_vaults_river_flow, vaults_room_grunt_arrival_ludios
Vaults:3: hangedman_vaults_slither, ontoclasm_vaults_pinch, v_misc_16,
          minmay_crypt_entry_simple_walls, vaults_room_door_ring, uniq_sojobo,
          uniq_mara
Vaults:4: nicolae_vaults_angled_halls, v_misc_24, grunt_vaults_focal, v_misc_23,
          ontoclasm_vaults_shuriken, hangedman_vaults_cutoff,
          vaults_standard_mumra_enter_the_diamond
Vaults:5: uniq_saint_roka, uniq_jory
Depths:1: pf_hell_entry_tar_spiral, abyss_entry,
          hangedman_abyss_or_decor_stagger, hallowed_hall
Depths:2: hangedman_slaughterboxes, pan_entry, hell_entry, uniq_nikola
Depths:3: evilmike_marble_ring, pan_entry, minmay_misc_feat_secret_circle,
          pf_hell_entry_great_geh, infiniplex_staircase_door_maze, uniq_jorgrun,
          uniq_frederick
Depths:4: kennysheep_green_arena, abyss_entry, hell_entry
Depths:5: grunt_zot_entry_alcove, hell_entry, rand_demon_pan_entry_1,
          chequers_big_river, serial_shops, shop, serial_bayou_shore_b
Zot:1:    st_stairs_3, lemuel_flame_loot_1
Zot:3:    grunt_megastairs_4
Zig:3:    ziggurat_pillar_centre_c
Lab:      lab_fountain, nicolae_lab_t_cross, nicolae_lab_diamond,
          nicolae_lab_blocks, lab_statue, nicolae_lab_lava, labyrinth_lava_lair
Trove:    trove_books_scrolls
